 Dungeon Crawl Stone Soup version 0.30-a0-870-gc5d4c5acee (webtiles) character file.

Game seed: 16316369913925750232

83 bande the Covered (level 4, -2/29 HPs)
             Began as a Gargoyle Fighter on Mar 11, 2023.
             Was an Initiate of Okawaru.
             Slain by a black bear (3 damage)
             ... on level 4 of the Dungeon.
             The game lasted 00:01:59 (1804 turns).

bande the Covered (Gargoyle Fighter)                Turns: 1804, Time: 00:02:00

Health: -2/29      AC: 13    Str: 19    XL:     4   Next: 44%
Magic:  4/4        EV:  7    Int:  9    God:    Okawaru [......]
Gold:   67         SH:  4    Dex: 11    Spells: 3/3 levels left

rFire   . . .      SeeInvis .    a - +0 war axe
rCold   . . .      Faith    .    c - +0 buckler
rNeg    + . .      Spirit   .    e - +0 chain mail
rPois   ∞          Reflect  .    (no helmet)
rElec   +          Rampage  .    (no cloak)
rCorr   .                        (no gloves)
Will    .....                    (no boots) Stlth
                                 (no amulet)
HPRegen 0.24/turn                (no ring)
MPRegen 0.09/turn                (no ring)

@: no status effects
A: sickness immunity, AC +3, negative energy resistance 1, electricity
resistance, torment resistance 1, petrification resistance
a: Renounce Religion


You were on level 4 of the Dungeon.
You worshipped Okawaru.
Okawaru was noncommittal.
You visited 1 branch of the dungeon, and saw 4 of its levels.

You collected 67 gold pieces.

Inventory:

Hand Weapons
 a - a +0 war axe (weapon)
Armour
 b - a +0 scale mail
 c - a +0 buckler (worn)
 e - a +0 chain mail (worn)
Scrolls
 g - 2 scrolls of identify {unknown}
 h - a scroll of vulnerability {unknown}
 i - a scroll of blinking {unknown}
 k - a scroll of amnesia {unknown}
 o - a scroll of butterflies {unknown}
 s - a scroll of magic mapping {unknown}
Potions
 d - a potion of might
 f - a potion of brilliance {unknown}
 j - a potion of mutation {unknown}
 l - a potion of ambrosia {unknown}
 m - a potion of berserk rage {unknown}
 n - a potion of heal wounds {unknown}
 p - a potion of magic {unknown}
 q - a potion of haste {unknown}
 r - a potion of curing {unknown}


   Skills:
 + Level 3.8 Fighting
 + Level 3.0 Axes
 + Level 3.8 Armour
 + Level 3.8 Shields


You had 3 spell levels left.
You didn't know any spells.
Your spell library contained the following spells:

 Spells                   Type           Power      Damage    Failure   Level
 Dazzling Flash           Conj/Hex       0%         N/A       100%        3
 Iskenderun's Mystic Bla  Conj/Tloc      0%         2d3       100%        4
 Starburst                Conj/Fire      0%         6d3       100%        6


Dungeon Overview and Level Annotations

Branches:
Dungeon (4/15)
 Temple: D:4-7

Altars:
Fedhas
Okawaru


Innate Abilities, Weirdness & Mutations

You are immune to sickness and miasma.
Your stone body is resilient. (AC +3)
You are immune to poison.
You resist negative energy. (rN+)
You are resistant to electric shocks. (rElec)
You are resistant to unholy torment.
You are immune to petrification.


Message History

You are too injured to fight recklessly!
You are too injured to fight recklessly!
You are too injured to fight recklessly!
You slash the black bear!
The black bear is heavily wounded.
The black bear bites you but does no damage.
You block the black bear's attack.
The black bear claws you but does no damage.
You closely miss the black bear.
The black bear is heavily wounded.
You block the black bear's attack.
The black bear claws you but does no damage.
The black bear claws you.
* * * LOW HITPOINT WARNING * * *
You closely miss the black bear.
The black bear is heavily wounded.
The black bear barely misses you.
The black bear claws you but does no damage.
The black bear claws you.
* * * LOW HITPOINT WARNING * * *
The black bear barely misses you.
The black bear claws you but does no damage. x2
You closely miss the black bear.
The black bear is heavily wounded.
The black bear bites you but does no damage.
The black bear claws you.
* * * LOW HITPOINT WARNING * * *
The black bear completely misses you.
You slash the black bear!
The black bear is severely wounded.
The black bear barely misses you. x2; The black bear claws you.
* * * LOW HITPOINT WARNING * * *
The black bear bites you but does no damage.
The black bear claws you but does no damage. x2
You barely miss the black bear.
The black bear is severely wounded.
The black bear bites you.
* * * LOW HITPOINT WARNING * * *
The black bear claws you.
You die...

#..# #..####.#
#..<....#
##.###### #...#
#...######
#....!....
#####...#####.
#..h@.......#
P........$......
P###...........#
###.#...#.###
#.#.......
#.#...#.###
#.#...#.# #.
.... #


You could see a black bear.

Vanquished Creatures
  2 adders (D:2)
  A dart slug (D:1)
  2 orcs (D:3)
  5 bats
  5 endoplasms
  4 giant cockroaches
  A hobgoblin (D:1)
  11 jackals
  4 quokkas
  8 ball pythons
  A frilled lizard (D:2)
  3 goblins
  4 kobolds
  4 rats
55 creatures vanquished.

Notes
Turn   | Place    | Note
-------+----------+-------------------------------------------
     0 | D:1      | bande the Gargoyle Fighter began the quest for the Orb.
     0 | D:1      | Reached XP level 1. HP: 14/14 MP: 1/1
    89 | D:1      | Reached XP level 2. HP: 18/19 MP: 2/2
   522 | D:2      | Reached XP level 3. HP: 24/24 MP: 3/3
   534 | D:2      | Found a faded altar of an unknown god.
   942 | D:2      | Reached XP level 4. HP: 28/29 MP: 4/4
  1137 | D:3      | Found a blossoming altar of Fedhas.
  1558 | D:3      | Found an iron altar of Okawaru.
  1563 | D:3      | Became a worshipper of Warmaster Okawaru
  1793 | D:4      | Noticed a black bear
  1804 | D:4      | HP: 1/29 [black bear (1)]
  1804 | D:4      | Slain by a black bear

Illustrated notes

Levels and vault maps discovered:
D:1:      dpeg_arrival_pits, layout_rooms, minmay_tripent
D:2:      layout_loops_cross, hellmonk_ecumenical_altar_dog_temple
D:3:      layout_basic, lemuel_doored_altar,
          hellmonk_okawaru_the_only_friend_you_need
D:4:      minmay_chambers_of_threes, layout_loops_cross, serial_bayou_pond_c,
          uniq_sigmund, uniq_pikel

Skill      XL: |  1  2  3  4 |
---------------+-------------+-----
Axes           | 2 3 |  3.0
Fighting       | |  3.8
Armour         | |  3.8
Shields        | |  3.8

Action                     |  1- 3 |  4- 6 || total
---------------------------+-------+-------++-------
  Melee: War axe           |    83 |    46 ||   129
 Armour: Chain mail        |    74 |    37 ||   111
         Scale mail        |     1 |       ||     1
  Dodge: Dodged            |    30 |    21 ||    51
  Block: Buckler           |    16 |    16 ||    32

Table legend: (Time is in decaauts)
 A = Elapsed time spent in this place.
 B = Non-inter-level travel time spent in this place.
 C = Inter-level travel time spent in this place.
 D = Time resting spent in this place.
 E = Time spent auto-exploring this place.
 F = Levels seen in this place.
 G = Mean time per level.
                   A        B        C        D        E       F      G
               +--------+--------+--------+--------+--------+-----+--------+
         Total |   1857 |   1826 |     31 |      0 |   1460 |   4 |  464.2 |
       Dungeon |   1857 |   1826 |     31 |      0 |   1460 |   4 |  464.2 |
               +--------+--------+--------+--------+--------+-----+--------+

Top non-repeatable levels by time:
     D:3: 718 daAuts
     D:2: 635 daAuts
     D:1: 484 daAuts
     D:4: 18 daAuts
